Map: Blackpink LE

Players

EonBlu

  • Race: Zerg Zerg
  • Spawn Location: 1:00

SpaceMarine - Winner!

  • Race: Protoss Protoss
  • Spawn Location: 7:00

Event: WCS Leipzig 2018

VOD

Have the link to the VOD?

Description

Time

  • Played on: Jan. 26, 2018, 6:54 a.m.
  • Length: 8:35

All games in this series

Show
View Real Time Build Order
Export as new Build Order

EonBlu Zerg 

Build Orders: Hatch First 

Get SALT Encoding   

  12  0:01  Drone  
  13  0:13  Overlord  
  13  0:21  Drone  
  14  0:31  Drone x2  
  16  0:48  Hatchery  
  15  0:52  Drone  
  15  0:55  Drone  
  17  0:58  Drone  
  18  1:10  Extractor  
  17  1:14  Spawning Pool  
  17  1:18  Drone  
  17  1:20  Drone  
  18  1:29  Drone  
  19  1:40  Overlord  
  19  1:50  Drone  
  20  2:01  Queen x2  
  20  2:02  Zergling x4  
  26  2:11  Drone, Metabolic Boost  
  26  2:13  Drone  
  28  2:31  Hatchery  
  28  2:33  Drone  
  28  2:35  Drone  
  29  2:39  Drone  
  29  2:42  Drone  
  31  2:46  Overlord  
  31  2:48  Drone  
  32  2:54  Drone x2  
  34  3:05  Drone  
  34  3:06  Drone  
  34  3:09  Drone x2  
  34  3:10  Drone  
  38  3:13  Drone x3  
  38  3:18  Spore Crawler  
  38  3:19  Spore Crawler  
  38  3:21  Overlord  
  38  3:23  Drone  
  39  3:29  Drone  
  40  3:36  Overlord  
  40  3:40  Drone  
  41  3:42  Queen  
  41  3:46  Drone x2  
  41  3:47  Lair  
  45  3:50  Zergling x2  
  45  3:51  Zergling x2  
  47  3:56  Spore Crawler  
  47  3:58  Overlord  
  47  3:59  Zergling x6  
  47  4:01  Drone  
  50  4:03  Drone  
  50  4:04  Drone  
  50  4:07  Evolution Chamber  
  50  4:08  Drone  
  53  4:10  Drone  
  53  4:15  Drone  
  54  4:20  Extractor  
  54  4:21  Drone x2, Extractor x2  
  54  4:22  Drone x2  
  55  4:24  Drone  
  55  4:31  Overlord x2  
  55  4:34  Zerg Missile Weapons Level 1  
  55  4:35  Drone  
  55  4:37  Drone  
  57  4:45  Overlord  
  56  4:52  Hydralisk Den  
  55  4:56  Drone  
  55  4:57  Drone x4  
  55  4:58  Drone x5  
  63  5:03  Overlord x2  
  62  5:08  Zergling x2  
  62  5:12  Zergling x4  
  64  5:20  Baneling Nest  
  63  5:22  Spine Crawler, Zergling x2  
  63  5:23  Spine Crawler x2, Zergling x2  
  63  5:24  Zergling x2  
  63  5:31  Zergling x8  
  63  5:32  Zergling x2  
  66  5:37  Spine Crawler  
  66  5:38  Zergling x6  
  63  5:51  Zergling x10  
  63  6:04  Queen x3  
  63  6:06  Muscular Augments  
  63  6:07  Baneling x4  
  69  6:13  Hydralisk  
  69  6:14  Hydralisk  
  69  6:19  Drone x3  
  69  6:20  Drone  
  69  6:21  Drone  
  74  6:29  Overlord  
  73  6:48  Hydralisk x3  
  69  6:54  Drone  
  69  6:55  Drone x4  
  69  6:59  Hydralisk  
  75  7:10  Overlord x3  
  75  7:11  Overlord  
  70  7:19  Hydralisk  
  70  7:29  Hydralisk x3  
  72  7:35  Hydralisk  
  78  7:41  Hydralisk  
  78  7:43  Zergling x16  
  88  7:57  Zergling x8  
  88  7:58  Zergling x6  
  85  7:59  Hydralisk  
  85  8:04  Hydralisk  
  80  8:09  Hydralisk  
  82  8:15  Zergling x2  
Show
View Real Time Build Order
Export as new Build Order

SpaceMarine Protoss - Winner!

Build Orders: 1 Gate Expand, Phoenix Opening, Mass Phoenix 

Get SALT Encoding   

  12  0:00  Probe  
  13  0:13  Probe  
  14  0:18  Pylon  
  14  0:25  Probe (Chrono Boost)  
  15  0:37  Probe (Chrono Boost)  
  15  0:40  Gateway  
  16  0:45  Probe (Chrono Boost)  
  16  0:46  Assimilator  
  17  0:51  Probe  
  18  1:03  Probe  
  19  1:18  Nexus  
  19  1:23  Probe  
  20  1:32  Cybernetics Core  
  20  1:36  Probe  
  21  1:40  Assimilator  
  21  1:48  Probe  
  21  1:52  Pylon  
  22  2:00  Probe (Chrono Boost)  
  23  2:10  Stalker  
  23  2:12  Probe (Chrono Boost)  
  26  2:18  Probe (Chrono Boost)  
  27  2:27  Stargate  
  28  2:30  Probe (Chrono Boost)  
  28  2:31  Probe (Chrono Boost)  
  28  2:35  Warp Gate  
  29  2:39  Probe (Chrono Boost)  
  29  2:40  Adept  
  29  2:42  Probe (Chrono Boost)  
  33  2:44  Probe (Chrono Boost)  
  35  2:51  Probe  
  35  2:56  Probe  
  36  2:59  Gateway  
  36  3:03  Probe  
  36  3:09  Probe  
  36  3:10  Phoenix (Chrono Boost)  
  39  3:16  Probe, Gateway  
  40  3:24  Probe  
  41  3:28  Probe, Phoenix  
  44  3:40  Twilight Council  
  44  3:41  Probe  
  44  3:42  Probe  
  44  3:44  Pylon  
  44  3:46  Pylon  
  46  3:55  Pylon  
  46  3:59  Assimilator  
  46  4:01  Phoenix (Chrono Boost)  
  46  4:02  Probe  
  49  4:03  Probe  
  50  4:12  Assimilator  
  50  4:14  Probe, Resonating Glaives (Chrono Boost)  
  50  4:15  Probe  
  52  4:24  Phoenix (Chrono Boost)  
  52  4:26  Probe  
  52  4:28  Probe  
  56  4:38  Probe  
  57  4:39  Adept x2  
  57  4:41  Pylon  
  57  4:42  Adept  
  57  4:45  Pylon  
  63  4:47  Probe, Phoenix (Chrono Boost)  
  66  4:57  Probe  
  67  5:00  Adept x2  
  67  5:03  Adept  
  67  5:04  Phoenix  
  75  5:20  Nexus  
  75  5:22  Pylon  
  75  5:29  Phoenix  
  77  5:38  Probe  
  77  5:39  Probe  
  77  5:41  Pylon  
  79  5:54  Phoenix  
  81  6:03  Adept x2, Shield Battery  
  71  6:04  Adept  
  73  6:19  Phoenix  
  73  6:22  Probe x2  
  73  6:25  Sentry  
  79  6:26  Shield Battery  
  79  6:28  Adept x2  
  79  6:32  Probe (Chrono Boost)  
  84  6:34  Probe (Chrono Boost)  
  84  6:35  Probe (Chrono Boost)  
  84  6:36  Robotics Facility  
  84  6:37  Robotics Facility  
  86  6:41  Charge  
  86  6:44  Probe (Chrono Boost), Phoenix, Forge  
  86  6:46  Probe x2 (Chrono Boost)  
  91  6:51  Probe (Chrono Boost)  
  92  7:00  Adept x3  
  98  7:01  Probe x2  
  98  7:02  Probe  
  101  7:15  Phoenix  
  103  7:21  Immortal (Chrono Boost)  
  103  7:22  Zealot x3, Immortal (Chrono Boost)  
  109  7:27  Pylon  
  109  7:28  Assimilator, Pylon  
  117  7:31  Templar Archives, Assimilator  
  117  7:47  Phoenix  
  117  7:55  Adept x3  
  121  8:07  Probe x2  
  121  8:12  Gateway  
  129  8:13  Probe  
  129  8:14  Gateway  
  129  8:15  Gateway x2  
  129  8:18  Gateway, Pylon  
  130  8:21  Pylon x2  
  130  8:24  Zealot  
Tags
 
Add a new tag
Caveats
  • Supply blocks, unpowered buildings, or Contaminate may cause inaccurate times.
  • Supply counts are checked every 10 seconds.